 Dungeon Crawl Stone Soup version 0.27-a0-40-g5f2be0e231 (webtiles) character file.

Game seed: 14871174513168714417

25 sanka the Sneak (level 2, 0/13 HPs)
             Began as a Spriggan Enchanter on Jan 4, 2021.
             Slain by a rat (1 damage)
             ... on level 2 of the Dungeon on Jan 5, 2021.
             The game lasted 00:02:17 (1598 turns).

sanka the Sneak (Spriggan Enchanter)                Turns: 1598, Time: 00:02:18

Health: 0/13       AC:  2    Str:  4    XL:     2   Next: 82%
Magic:  1/6        EV: 18    Int: 16    God:
Gold:   59         SH:  0    Dex: 16    Spells: 3/6 levels left

rFire    . . .     SeeInvis +   a - +1 dagger
rCold    . . .     Faith    .   (shield restricted)
rNeg     . . .     Spirit   .   b - +0 robe
rPois    .         Reflect  .   (helmet restricted)
rElec    .         Harm     .   (no cloak)
rCorr    .         Rampage  .   (gloves unavailable)
Will     .....                  (boots unavailable)
Stlth    +++.......             (no amulet)
HPRegen  0.04/turn              (no ring)
MPRegen  0.10/turn              (no ring)

@: very quick
A: very small, unfitting armour, see invisible, speed 3
a: no special abilities


You were on level 2 of the Dungeon.
You visited 1 branch of the dungeon, and saw 2 of its levels.

You collected 59 gold pieces.


Innate Abilities, Weirdness & Mutations

You are very small and have problems with some larger weapons.
You are too small for most types of armour.
You have supernaturally acute eyesight. (SInv)
You cover ground extremely quickly.


   Skills:
 - Level 1.1 Short Blades
 - Level 3.0 Dodging
 + Level 6.3 Stealth
 - Level 2.6 Spellcasting
 - Level 3.6 Hexes


You had 3 spell levels left.
You knew the following spells:

 Your Spells              Type           Power        Failure   Level
z - Ensorcelled Hibernat  Hex/Ice        14%          14%         2
Z - Corona                Hex            14%          4%          1

Your spell library contained the following spells:

 Spells                   Type           Power        Failure   Level
 Confusing Touch          Hex            13%          13%         3
 Tukima's Dance           Hex            13%          13%         3
 Dazzling Flash           Conj/Hex       14%          28%         3

Inventory:

Hand Weapons
 a - a +1 dagger (weapon)
Armour
 b - a +0 robe (worn)
Scrolls
 d - a scroll of identify {unknown}
 f - a scroll of blinking {unknown}
Potions
 c - a potion of cancellation {unknown}
 e - a potion of brilliance {unknown}
 g - 2 potions of invisibility {unknown}

Dungeon Overview and Level Annotations

Branches:
Dungeon (2/15)

Altars:

▒▒▒....▒▒▒
▒........▒ ▒▒▒
▒........▒▒▒▒▒..r
.................
.................
▒.............
▒▒▒▒▒▒▒(K.......
▒......▒r▒▒▒▒▒▒
▒......▒i▒▒▒▒▒
▒......▒.....▒
.............▒
▒......▒.....▒
▒▒▒▒▒▒▒▒.....▒
▒.....▒
▒▒▒▒▒▒▒▒.....▒
▒.......(.▒▒▒▒
▒.........▒


You could see a kobold and a rat.


Message History

The dart slug resists with significant effort.
The dart slug misses you.
You hit the dart slug.
The dart slug is moderately wounded.
You hit the dart slug.
The dart slug is heavily wounded.
The dart slug bites you.
* * * LOW HITPOINT WARNING * * *
You hit the dart slug but do no damage.
The dart slug is heavily wounded.
The dart slug completely misses you.
You hit the dart slug.
The dart slug is heavily wounded.
You hit the dart slug.
The dart slug is severely wounded.
The dart slug bites you.
* * * LOW HITPOINT WARNING * * *
You hit the dart slug.
The dart slug is severely wounded.
The dart slug completely misses you.
You hit the dart slug.
The dart slug is almost dead.
You hit the dart slug.
You kill the dart slug!
The kobold throws a stone.
The stone hits you.
* * * LOW HITPOINT WARNING * * *
You hit the rat but do no damage. The rat bites you.
You die...

Action                   || total
-------------------------++-------
Melee: Dagger            ||    80
 Cast: Corona            ||    12
       Ensorcelled Hiber ||    13
 Stab: Sleeping          ||    11
Armor: Robe              ||     4
Dodge: Dodged            ||    75

Levels and vault maps discovered:
D:1:      psy_arrival_basics, layout_rooms
D:2:      layout_basic, marbit_many_paths

Notes
Turn   | Place    | Note
-------+----------+-------------------------------------------
     0 | D:1      | sanka the Spriggan Enchanter began the quest for the Orb.
     0 | D:1      | Reached XP level 1. HP: 9/9 MP: 5/5
    73 | D:1      | Upgraded the game from 0.27-a0-34-gc18c9092ac to
                  | 0.27-a0-40-g5f2be0e231
   166 | D:1      | Reached skill level 5 in Stealth
   825 | D:1      | Reached XP level 2. HP: 6/13 MP: 6/6
   956 | D:1      | Learned a level 2 spell: Ensorcelled Hibernation
  1251 | D:1      | Reached skill level 6 in Stealth
  1597 | D:2      | HP: 1/13 [kobold/stone (2)]
  1598 | D:2      | Slain by a rat

Vanquished Creatures
  2 dart slugs
  2 giant cockroaches (D:1)
  3 hobgoblins (D:1)
  2 jackals (D:1)
  A ball python (D:2)
  4 bats
  A frilled lizard (D:1)
  3 kobolds (D:1)
  A rat (D:1)
19 creatures vanquished.
